AoeStats
← Lord_Wilfredo

Arena

508759532Analyzed
4v4 RM · 10d ago on Sep 23, 2026· 43m 24s· 8 players
Game mode
Random Map
Map size
Large (8 player)
Population
200
Speed
Normal
Resources
Standard
Victory
Conquest
Starting age
Dark Age
Ending age
Imperial Age
RankedLock teamsTeams togetherTeam positionsShared explorationLock speedFull tech treeHidden civsTurbo modeCheats
Victory
Defeat
🇦🇷 Britons · Argentina
1331
+14
🇳🇴 Franks · Norway
1312
+15
🇨🇴 Malians · Colombia
1302
+15
🇧🇷 Celts · Brazil
1298
+15
🇪🇸 Saxons · Spain
1383
-18
🇦🇷 Malians · Argentina
1337
-17
🇲🇽 Spanish · Mexico
1315
-16
1106
-8
Matasariano9065
8:15 Feudal Age
6:32 Loom
14:39 Fletching
15:13 Town Watch
22:48 Castle Age
21:32 Horse Collar
21:51 Double-Bit Axe
24:29 Bow Saw
27:49 Heavy Plow
30:05 Wheelbarrow
33:45 Hand Cart
33:32 Gold Mining
36:32 Imperial Age
37:59 Conscription
39:01 Chemistry
37:52 Heavy Scorpion
39:51 Ballistics
BenOFF
10:49 Feudal Age
11:31 Loom
14:50 Castle Age
12:55 Double-Bit Axe
13:01 Horse Collar
16:17 Fletching
24:42 Bodkin Arrow
31:37 Wheelbarrow
41:57 Imperial Age
39:43 Hand Cart
42:40 Elite Conquistador
43:41 Conscription
PSX | King
8:41 Loom
10:26 Feudal Age
15:02 Castle Age
13:31 Double-Bit Axe
17:20 Bow Saw
16:51 Horse Collar
17:02 Gold Mining
19:34 Scale Mail Armor
22:17 Forging
24:53 Squires
28:52 Imperial Age
27:40 Chain Mail Armor
29:32 Iron Casting
29:52 Wheelbarrow
30:08 Plate Mail Armor
30:35 Fletching
31:31 Conscription
32:03 Padded Archer Armor
31:59 Bodkin Arrow
34:14 Chemistry
34:02 Ballistics
33:19 Elite Skirmisher
34:45 Leather Archer Armor
35:13 Fortified Wall
35:40 Bloodlines
35:31 Husbandry
35:38 Scale Barding Armor
35:17 Light Cavalry
37:33 Ring Archer Armor
39:21 Chain Barding Armor
41:38 Gold Shaft Mining
40:43 Heavy Camel Rider
42:13 Plate Barding Armor
41:12 Heavy Camel Rider
42:47 Heavy Plow
43:26 Thumb Ring
Dani - Voy Fatal de Recursos
10:31 Feudal Age
13:45 Castle Age
12:42 Double-Bit Axe
AM | AndresBC
6:53 Loom
8:29 Loom
11:06 Feudal Age
16:12 Fletching
20:32 Double-Bit Axe
21:28 Horse Collar
25:42 Castle Age
23:57 Gold Mining
25:17 Town Watch
25:36 Scale Mail Armor
26:56 Bow Saw
26:46 Heavy Plow
27:56 Wheelbarrow
27:54 Chain Mail Armor
29:10 Squires
29:56 Devotion
30:32 Forging
31:51 Arson
36:50 Imperial Age
36:28 Iron Casting
39:29 Chemistry
40:57 Plate Mail Armor
41:16 Ballistics
43:51 Conscription
New Villager
10:25 Feudal Age
11:33 Loom
14:41 Castle Age
12:57 Double-Bit Axe
18:00 Scale Barding Armor
22:54 Fletching
27:17 Bodkin Arrow
32:41 Husbandry
39:06 Imperial Age
37:06 Murder Holes
39:33 Wheelbarrow
41:01 Chain Barding Armor
44:09 Plate Barding Armor
42:57 Cavalier
Uhtred_of_Bebbamburg
10:13 Feudal Age
14:36 Castle Age
12:53 Double-Bit Axe
13:42 Loom
16:14 Scale Mail Armor
20:51 Town Watch
22:51 Horse Collar
25:14 Bow Saw
26:22 Wheelbarrow
30:38 Heavy Plow
33:33 Imperial Age
32:22 Chain Mail Armor
32:17 Forging
32:52 Pikeman
34:32 Iron Casting
34:40 Halberdier
35:03 Capped Ram
37:02 Plate Mail Armor
36:37 Arson
39:38 Conscription
39:21 Siege Ram
40:50 Coinage
41:08 Furor Celtica
42:58 Blast Furnace
41:43 Elite Woad Raider
43:37 Chemistry
Lord_Wilfredo
10:47 Feudal Age
14:36 Castle Age
12:57 Double-Bit Axe
13:26 Horse Collar
15:57 Bow Saw
16:25 Heavy Plow
16:16 Loom
24:43 Fletching
26:34 Wheelbarrow
25:45 Town Watch
27:47 Bodkin Arrow
32:35 Imperial Age
31:18 Fortified Wall
31:35 Hand Cart
31:38 Padded Archer Armor
32:52 Ballistics
33:43 Bracer
35:30 Chemistry
35:23 Gold Mining
35:24 Stone Mining
34:57 Elite Skirmisher
36:11 Conscription
36:57 Two-Man Saw
37:18 Yeomen
36:48 Pikeman
37:29 Squires
38:20 Leather Archer Armor
38:16 Scale Mail Armor
38:27 Forging
38:25 Elite Longbowman
41:08 Gold Shaft Mining
41:10 Ring Archer Armor
41:31 Light Cavalry
42:01 Cranequins
42:23 Capped Ram
42:32 Halberdier
43:30 Chain Mail Armor
Connection lost

Rejoining the realm…

Still unreachable

The connection could not be restored.

Session expired

The server has moved on; the page needs a fresh start.